Map: Acropolis LE

Players

Ziggy - Winner!

  • Race: Terran Terran
  • Spawn Location: 5:00

drumhead

  • Race: Protoss Protoss
  • Spawn Location: 11:00

VOD

Have the link to the VOD?

Description

Time

  • Played on: Sept. 6, 2019, 12:59 p.m.
  • Length: 13:22
Show
View Real Time Build Order
Export as new Build Order

Ziggy Terran - Winner!

Build Orders: 1/1/1, Mech, Banshee Rush 

Get SALT Encoding   

  12  0:01  SCV  
  13  0:13  SCV  
  14  0:17  Supply Depot  
  14  0:25  SCV  
  15  0:31  Refinery  
  15  0:44  Barracks  
  15  0:47  SCV  
  16  0:54  Refinery  
  16  0:59  SCV  
  17  1:11  SCV  
  18  1:23  SCV  
  19  1:31  Reaper  
  20  1:37  Factory  
  20  1:39  Orbital Command  
  20  1:49  Supply Depot  
  20  2:03  Reaper  
  20  2:05  SCV  
  22  2:18  SCV  
  22  2:25  Widow Mine  
  22  2:29  Starport  
  24  2:30  SCV  
  24  2:35  Reaper  
  26  2:39  Supply Depot  
  26  2:42  SCV  
  27  2:54  SCV  
  27  2:55  Factory Tech Lab  
  28  3:05  Starport Tech Lab  
  28  3:06  SCV  
  28  3:07  Reaper  
  30  3:18  Cyclone  
  33  3:24  Command Center  
  33  3:28  Cloaking Field  
  31  3:36  Banshee  
  31  3:38  SCV  
  35  3:50  Supply Depot  
  35  3:51  SCV  
  36  3:56  Siege Tank  
  39  4:12  SCV  
  40  4:18  Banshee  
  40  4:24  SCV  
  44  4:30  Refinery  
  44  4:31  Refinery  
  44  4:34  Siege Tank  
  44  4:36  SCV  
  48  4:48  SCV  
  48  4:49  Orbital Command  
  48  4:50  Engineering Bay  
  49  4:54  Supply Depot  
  49  5:00  SCV  
  49  5:04  Engineering Bay  
  49  5:06  Raven  
  52  5:12  SCV  
  53  5:17  Hellion  
  53  5:20  Missile Turret x2  
  55  5:33  SCV  
  56  5:39  SCV  
  55  5:45  SCV  
  56  5:51  SCV  
  56  5:52  Siege Tank  
  56  5:53  Raven  
  62  5:57  SCV  
  62  6:03  SCV  
  64  6:06  Supply Depot  
  64  6:08  Supply Depot  
  64  6:09  SCV  
  65  6:15  SCV  
  66  6:21  SCV  
  67  6:25  Command Center  
  67  6:28  SCV  
  68  6:33  Siege Tank, SCV  
  68  6:36  Raven  
  74  6:40  SCV  
  74  6:45  Factory, SCV  
  76  6:47  Factory  
  76  6:52  SCV  
  74  6:58  SCV  
  74  6:59  Missile Turret  
  74  7:00  Missile Turret  
  75  7:03  Missile Turret  
  75  7:04  SCV  
  75  7:06  Armory  
  76  7:09  Armory  
  76  7:10  SCV  
  77  7:16  SCV  
  77  7:17  Supply Depot  
  77  7:18  Supply Depot  
  77  7:22  SCV  
  79  7:24  Supply Depot  
  79  7:28  SCV  
  79  7:29  Factory Tech Lab  
  80  7:31  Factory Reactor, Starport Reactor  
  80  7:32  Siege Tank  
  80  7:34  SCV  
  84  7:39  Orbital Command  
  84  7:40  SCV  
  85  7:46  SCV  
  85  7:47  Siege Tank  
  89  7:52  SCV  
  89  7:54  Missile Turret  
  89  7:55  Missile Turret  
  89  7:57  Terran Vehicle Weapons Level 1, Terran Vehicle And Ship Armor Level 1  
  91  7:58  SCV  
  91  8:04  SCV  
  79  8:15  SCV  
  79  8:18  SCV  
  78  8:27  Supply Depot, Siege Tank x2  
  84  8:28  Hellion  
  84  8:29  Hellion  
  84  8:30  SCV x2  
  90  8:38  SCV  
  91  8:42  SCV  
  91  8:48  Refinery  
  92  8:49  Refinery, Hellion  
  92  8:50  Hellion  
  92  8:51  SCV  
  92  8:54  Factory  
  92  8:55  Factory  
  98  8:58  SCV  
  98  9:04  SCV  
  98  9:06  Siege Tank  
  102  9:10  SCV, Hellion  
  102  9:12  Hellion  
  102  9:16  Supply Depot x3, Orbital Command  
  107  9:17  Supply Depot  
  107  9:19  Missile Turret  
  107  9:20  Siege Tank  
  107  9:22  Missile Turret  
  110  9:32  Hellion  
  110  9:33  Hellion  
  110  9:35  SCV x2  
  110  9:38  Supply Depot, Siege Tank  
  119  9:40  Viking  
  119  9:41  Viking  
  123  9:46  SCV  
  123  9:51  Factory Tech Lab  
  123  9:52  Factory Reactor  
  118  9:54  Siege Tank  
  118  9:55  SCV x2  
  123  10:02  Supply Depot, SCV  
  123  10:03  Supply Depot  
  123  10:04  Supply Depot  
  123  10:05  Supply Depot  
  124  10:08  SCV x2  
  124  10:09  Hellion x2  
  124  10:13  Viking  
  132  10:16  Viking  
  132  10:20  Siege Tank  
  137  10:23  Siege Tank  
  134  10:37  Siege Tank  
  134  10:38  Hellion x2  
  134  10:39  Hellion x2  
  143  10:53  Siege Tank  
  143  10:54  Command Center  
  146  10:59  Siege Tank  
  146  11:00  Terran Vehicle Weapons Level 2  
  146  11:02  Terran Vehicle And Ship Armor Level 2  
  149  11:08  Hellion  
  149  11:09  Hellion x2  
  157  11:11  Hellion  
  157  11:13  Infernal Pre-Igniter  
  157  11:16  Hellion  
  159  11:25  Siege Tank  
  162  11:28  Refinery  
  162  11:30  Hellion x2  
  162  11:32  Refinery  
  166  11:35  Siege Tank  
  166  11:36  Hellion x2  
  166  11:37  Siege Tank  
  176  11:57  Siege Tank  
  179  12:04  Hellion x4  
  179  12:07  Siege Tank  
  186  12:13  Siege Tank  
  183  12:19  Factory x2  
  183  12:24  Command Center  
  183  12:26  Hellion x3  
  183  12:29  Siege Tank  
  192  12:33  Hellion  
  194  12:39  Siege Tank  
  191  12:46  Siege Tank  
  191  12:47  Hellion x3  
  198  12:57  Hellion  
  187  13:19  Factory Reactor, Factory Tech Lab  
Show
View Real Time Build Order
Export as new Build Order

drumhead Protoss 

Build Orders: 1 Gate Expand, Dark Templar Rush 

Get SALT Encoding   

  12  0:01  Probe  
  13  0:13  Probe  
  14  0:17  Pylon  
  14  0:24  Probe  
  15  0:32  Probe  
  15  0:37  Gateway  
  15  0:40  Probe  
  16  0:46  Assimilator  
  17  0:51  Probe  
  18  1:03  Probe  
  19  1:15  Probe  
  20  1:25  Cybernetics Core  
  20  1:37  Nexus  
  20  1:45  Pylon, Probe  
  21  1:53  Stalker  
  21  1:54  Assimilator  
  21  1:57  Probe  
  22  2:08  Warp Gate  
  24  2:09  Probe  
  24  2:22  Probe  
  22  2:27  Stalker  
  25  2:30  Probe  
  26  2:44  Probe  
  27  2:53  Probe  
  27  2:54  Probe  
  29  2:59  Twilight Council  
  29  3:02  Probe, Stalker  
  29  3:06  Probe  
  29  3:10  Probe  
  33  3:18  Probe  
  35  3:22  Probe  
  36  3:28  Stalker  
  36  3:30  Probe  
  38  3:35  Probe  
  39  3:42  Probe  
  39  3:44  Dark Shrine  
  39  3:45  Pylon  
  40  3:54  Pylon  
  40  3:57  Robotics Facility  
  40  4:02  Probe  
  40  4:05  Probe  
  42  4:10  Probe  
  42  4:15  Gateway  
  43  4:17  Gateway, Probe  
  43  4:18  Probe  
  45  4:27  Probe  
  45  4:29  Probe  
  45  4:30  Assimilator  
  47  4:32  Assimilator  
  47  4:39  Probe  
  47  4:41  Pylon, Probe  
  49  4:51  Probe  
  52  4:57  Dark Templar  
  55  5:00  Probe  
  55  5:04  Observer  
  51  5:09  Charge  
  51  5:10  Shadow Stride  
  49  5:18  Stalker x2  
  53  5:23  Probe  
  54  5:33  Warp Prism  
  51  5:47  Probe  
  51  5:48  Probe  
  55  5:52  Dark Templar  
  55  5:54  Zealot x2  
  60  5:59  Probe  
  60  6:00  Probe  
  61  6:10  Observer  
  62  6:11  Probe  
  62  6:12  Pylon, Probe  
  62  6:18  Pylon  
  64  6:20  Pylon  
  64  6:22  Gateway  
  64  6:24  Probe x2  
  66  6:25  Dark Templar  
  66  6:26  Gateway  
  66  6:28  Gateway  
  66  6:30  Pylon  
  68  6:35  Dark Templar  
  68  6:36  Zealot  
  72  6:58  Nexus  
  72  6:59  Pylon  
  72  7:00  Dark Templar  
  74  7:06  Dark Templar  
  76  7:09  Dark Templar  
  78  7:16  Probe  
  78  7:20  Observer  
  80  7:33  Pylon  
  80  7:36  Dark Templar x3  
  86  7:37  Zealot  
  86  7:43  Zealot x2  
  92  7:45  Probe  
  92  7:46  Probe  
  94  7:58  Probe  
  77  8:22  Warp Prism  
  77  8:24  Dark Templar x4  
  77  8:25  Probe  
  77  8:26  Probe  
  80  8:27  Zealot x2  
  80  8:30  Probe  
  88  8:34  Probe  
  88  8:38  Probe  
  88  8:40  Forge  
  90  8:42  Probe  
  90  8:44  Probe  
  90  8:46  Gateway  
  92  8:48  Gateway  
  92  8:49  Dark Templar x2  
  92  8:54  Probe  
  92  8:55  Probe  
  98  8:57  Probe, Protoss Ground Weapons Level 1  
  98  8:58  Pylon  
  98  8:59  Dark Templar  
  101  9:05  Zealot x2  
  101  9:06  Probe  
  101  9:07  Probe  
  101  9:09  Probe  
  108  9:17  Pylon  
  108  9:23  Zealot x3  
  114  9:34  Immortal  
  114  9:35  Probe  
  119  9:39  Nexus  
  115  9:54  Zealot x7  
  115  9:57  Probe  
  115  9:58  Probe  
  131  10:01  Photon Cannon  
  131  10:10  Pylon  
  131  10:14  Gateway  
  131  10:16  Gateway  
  131  10:17  Probe  
  131  10:18  Immortal  
  136  10:21  Dark Templar  
  136  10:22  Dark Templar  
  136  10:25  Pylon  
  113  10:44  Robotics Facility  
  113  10:45  Dark Templar x2  
  113  10:46  Robotics Bay  
  117  10:57  Immortal  
  121  11:06  Probe x2  
  121  11:07  Probe  
  124  11:16  Probe  
  124  11:17  Gateway  
  124  11:18  Gateway, Probe x2  
  127  11:23  Pylon  
  127  11:25  Templar Archives  
  127  11:26  Probe  
  127  11:28  Pylon  
  127  11:30  Probe  
  127  11:31  Probe  
  130  11:40  Nexus  
  130  11:41  Pylon  
  130  11:46  Stalker x2  
  128  11:48  Stalker x3  
  128  11:54  Stalker  
  127  11:55  Probe  
  127  11:58  Pylon  
  127  11:59  Probe  
  118  12:04  Probe  
  118  12:05  Probe  
  118  12:07  Zealot x4  
  122  12:09  Probe  
  122  12:11  Probe  
  124  12:16  Probe  
  124  12:17  Probe  
  124  12:21  Probe  
  127  12:23  Probe  
  127  12:24  Probe  
  127  12:29  Probe  
  130  12:32  Probe  
  130  12:34  Probe  
  130  12:36  Probe  
  107  12:45  Zealot x6  
  109  12:55  Probe  
  109  12:56  Probe x2  
  112  13:04  Zealot x5  
  100  13:13  Zealot x3  
Tags
 
Add a new tag
Caveats
  • Supply blocks, unpowered buildings, or Contaminate may cause inaccurate times.
  • Supply counts are checked every 10 seconds.